Map: Frozen Temple

Players

HANK

  • Race: Protoss Protoss
  • League: Gold
  • Spawn Location: 5:00

Fropez - Winner!

  • Race: Protoss Protoss
  • League: Gold
  • Spawn Location: 11:00

VOD

Have the link to the VOD?

Description

Time

  • Played on: Oct. 6, 2016, 2:43 p.m.
  • Length: 11:11
Show
View Real Time Build Order
Export as new Build Order

HANK Protoss 

Build Orders: 1 Gate Expand 

Get SALT Encoding   

  12  0:01  Probe (Chrono Boost)  
  13  0:12  Probe (Chrono Boost)  
  14  0:18  Pylon  
  14  0:23  Probe (Chrono Boost)  
  15  0:36  Probe (Chrono Boost)  
  15  0:39  Gateway  
  16  0:54  Probe (Chrono Boost)  
  17  0:57  Assimilator  
  17  1:05  Probe (Chrono Boost)  
  18  1:15  Probe (Chrono Boost)  
  19  1:31  Nexus  
  19  1:42  Cybernetics Core  
  19  1:48  Probe (Chrono Boost)  
  20  1:58  Probe (Chrono Boost)  
  21  2:01  Assimilator  
  21  2:12  Pylon  
  21  2:16  Probe (Chrono Boost)  
  22  2:26  Probe (Chrono Boost)  
  23  2:30  Adept (Chrono Boost)  
  23  2:36  Gateway  
  25  2:38  Probe  
  26  2:54  Adept (Chrono Boost)  
  28  3:12  Pylon, Mothership Core  
  30  3:15  Pylon, Probe  
  31  3:21  Adept (Chrono Boost)  
  31  3:26  Probe  
  33  3:33  Probe  
  33  3:37  Twilight Council  
  33  3:40  Gateway  
  33  3:44  Gateway  
  33  3:45  Probe  
  34  3:48  Probe  
  35  3:59  Probe, Gateway  
  36  4:07  Gateway  
  36  4:08  Resonating Glaives (Chrono Boost)  
  36  4:13  Gateway  
  36  4:23  Adept  
  38  4:24  Adept  
  40  4:35  Forge  
  40  4:42  Warp Gate (Chrono Boost)  
  40  4:49  Probe  
  40  4:50  Probe  
  42  4:56  Adept  
  42  4:57  Adept  
  46  5:01  Probe  
  46  5:02  Probe  
  48  5:12  Gateway  
  48  5:13  Probe, Gateway, Protoss Ground Weapons Level 1  
  49  5:17  Gateway  
  49  5:22  Probe  
  49  5:25  Adept x2, Probe  
  55  5:34  Probe  
  56  5:37  Probe  
  57  5:48  Pylon  
  57  5:50  Pylon, Robotics Facility  
  57  6:02  Adept  
  57  6:03  Adept  
  59  6:05  Blink  
  59  6:08  Adept x5  
  69  6:13  Assimilator  
  69  6:15  Assimilator  
  69  7:12  Protoss Ground Weapons Level 2 (Chrono Boost)  
  69  7:13  Warp Prism  
  71  7:17  Probe x2  
  73  7:29  Probe x2  
  75  7:49  Stargate  
  75  8:03  Adept  
  77  8:11  Pylon  
  77  8:13  Pylon  
  77  8:14  Pylon  
  77  8:15  Pylon  
  77  8:16  Pylon  
  77  8:25  Nexus  
  77  8:29  Immortal  
  77  8:33  Phoenix  
  83  8:43  Pylon  
  83  8:45  Pylon  
  74  8:48  Adept, Pylon  
  74  8:49  Adept x5  
  74  8:52  Adept  
  65  9:40  Pylon  
  61  9:51  Pylon  
  61  10:04  Probe x2 (Chrono Boost)  
  61  10:06  Probe (Chrono Boost)  
  64  10:15  Probe (Chrono Boost)  
  64  10:16  Probe (Chrono Boost)  
  64  10:17  Probe (Chrono Boost)  
  67  10:25  Adept x6  
  67  10:26  Probe x2 (Chrono Boost)  
  67  10:27  Probe (Chrono Boost)  
  82  10:36  Probe (Chrono Boost)  
  82  10:37  Probe (Chrono Boost)  
  82  10:38  Probe (Chrono Boost)  
  85  10:47  Probe x2 (Chrono Boost)  
  85  10:49  Pylon, Probe (Chrono Boost)  
  88  10:54  Gateway  
  88  10:57  Gateway  
  88  11:00  Gateway  
Show
View Real Time Build Order
Export as new Build Order

Fropez Protoss - Winner!

Build Orders: 1 Gate Expand 

Get SALT Encoding   

  12  0:01  Probe (Chrono Boost)  
  13  0:16  Pylon  
  13  0:18  Probe (Chrono Boost)  
  14  0:28  Probe (Chrono Boost)  
  14  0:35  Gateway  
  15  0:44  Assimilator  
  15  0:45  Probe (Chrono Boost)  
  16  0:55  Probe (Chrono Boost)  
  17  1:07  Probe (Chrono Boost)  
  18  1:23  Cybernetics Core  
  18  1:24  Probe (Chrono Boost)  
  19  1:35  Nexus  
  19  1:44  Pylon  
  19  1:46  Probe (Chrono Boost)  
  20  2:06  Gateway  
  20  2:10  Pylon  
  21  2:16  Mothership Core (Chrono Boost)  
  22  2:22  Assimilator  
  22  2:25  Adept (Chrono Boost)  
  24  2:32  Warp Gate  
  24  2:36  Pylon, Probe  
  25  2:48  Probe  
  25  2:51  Adept (Chrono Boost)  
  28  2:57  Adept (Chrono Boost)  
  30  3:00  Probe  
  31  3:06  Pylon  
  31  3:14  Adept (Chrono Boost)  
  33  3:21  Probe  
  33  3:24  Adept (Chrono Boost)  
  36  3:28  Probe  
  37  3:40  Probe  
  38  3:47  Probe, Assimilator  
  38  3:49  Assimilator  
  39  3:56  Robotics Facility  
  39  3:59  Pylon, Probe  
  39  4:01  Probe  
  39  4:09  Adept (Chrono Boost)  
  41  4:11  Probe  
  41  4:16  Probe  
  44  4:17  Adept (Chrono Boost)  
  44  4:23  Probe  
  46  4:26  Probe  
  47  4:35  Probe  
  47  4:37  Probe  
  48  4:42  Adept (Chrono Boost)  
  48  4:45  Adept (Chrono Boost)  
  53  4:46  Warp Prism  
  55  5:00  Twilight Council, Probe x2  
  57  5:15  Gateway  
  57  5:16  Gateway  
  57  5:22  Observer  
  57  5:25  Probe, Gateway  
  59  5:31  Gateway  
  59  5:33  Probe  
  60  6:12  Resonating Glaives (Chrono Boost)  
  60  6:14  Immortal  
  60  6:16  Probe  
  60  6:17  Probe  
  66  6:25  Adept x3  
  68  6:26  Adept x2  
  70  6:53  Adept x5  
  78  7:07  Nexus  
  78  7:09  Pylon  
  78  7:12  Pylon, Forge  
  78  7:16  Pylon  
  78  7:21  Pylon  
  78  7:23  Pylon  
  78  7:25  Immortal  
  78  7:26  Probe  
  78  7:27  Probe  
  78  7:29  Pylon  
  84  7:36  Probe  
  84  7:39  Probe  
  82  7:45  Adept x4  
  82  7:46  Adept x2  
  82  7:48  Protoss Ground Weapons Level 1 (Chrono Boost)  
  94  7:53  Probe  
  95  8:02  Probe  
  95  8:05  Robotics Facility  
  96  8:16  Pylon  
  96  8:41  Adept x5  
  80  9:08  Immortal  
  80  9:09  Stalker x3  
  66  9:10  Stalker x2  
  66  9:14  Immortal  
  78  9:32  Stalker x2  
  78  9:33  Stalker x2  
  84  9:42  Immortal  
  72  9:48  Assimilator  
  72  9:50  Assimilator  
  72  9:54  Immortal  
  72  9:55  Gateway  
  72  9:56  Gateway  
  76  10:00  Photon Cannon  
  76  10:03  Photon Cannon  
  76  10:09  Probe  
  76  10:10  Probe  
  76  10:11  Photon Cannon  
  76  10:14  Photon Cannon x2, Stalker  
  74  10:15  Stalker x3  
  86  10:43  Stalker  
  86  10:44  Stalker x2  
  86  10:45  Probe  
  86  10:49  Observer  
  94  10:53  Stalker x2  
Tags
 
Add a new tag
Caveats
  • Supply blocks, unpowered buildings, or Contaminate may cause inaccurate times.
  • Supply counts are checked every 10 seconds.